 Dungeon Crawl Stone Soup version 0.18-a0-455-gc7d4c65 (webtiles) character file.

832 M4edhros the Covert (level 7, -1/43 HPs)
             Began as an Octopode Artificer on Dec 2, 2015.
             Slain by M4edhros's ghost (5 damage)
             ... on level 5 of the Dungeon.
             The game lasted 00:08:19 (5102 turns).

M4edhros the Covert (Octopode Artificer)            Turns: 5102, Time: 00:08:19

Health: -1/43      AC: 10    Str:  7 (8)  XL:     7   Next: 98%
Magic:  12/12      EV: 15    Int: 17      God:    Xom [..*...]
Gold:   218        SH:  7    Dex: 15 (16) Spells: 0 memorised, 6 levels left

rFire  + + +     SeeInvis .     E - +3 flail (protect)
rCold  x . .     Clarity  .     p - +0 shield
rNeg   + . .     SustAt   .     (helmet restricted)
rPois  +         Gourm    .     (no amulet)
rElec  .         Spirit   .     n - ring of fire
rCorr  .         Dsmss    .     x - ring of Bifis {*Drain +Fly rPois rF+}
rMut   .         Stasis   .     w - ring of poison resistance
MR     .....                    B - ring of positive energy
Stlth  +++++++...               H - ring of protection from fire
                                (no ring)
                                (no ring)
                                (no ring)

@: agile, not resistant to hostile enchantments, extremely stealthy
A: almost no armour, amphibious, 8 rings, constrict 8, rough black scales 1,
camouflage 1, deterioration 1, poison resistance, weak 1, gelatinous body 1
a: Renounce Religion, Evoke Flight


You were on level 5 of the Dungeon.
You worshipped Xom.
You were a toy of Xom.
You were not hungry.

You visited 2 branches of the dungeon, and saw 6 of its levels.
You also visited: Sewer.

You collected 218 gold pieces.

Inventory:

Hand Weapons
 a - a +0 short sword
 E - a +3 flail of protection (weapon)
Missiles
 i - 173 stones (quivered)
 l - 4 sling bullets
Armour
 p - a +0 shield (worn)
Jewellery
 n - a ring of fire (left tentacle)
 w - a ring of poison resistance (on tentacle)
 x - the ring of Bifis (right tentacle) {*Drain +Fly rPois rF+}
   (You found it in a sewer)

   [ring of protection from fire]

   It protects you from fire.
   It protects you from poison.
   It lets you fly.
   It causes draining when unequipped.
 B - a ring of positive energy (on tentacle)
 H - a ring of protection from fire (on tentacle)
Wands
 b - a wand of flame (4)
 c - a wand of enslavement (14)
 d - a wand of random effects (12)
 t - a wand of lightning (1)
 C - a wand of polymorph (10)
Scrolls
 g - 5 scrolls of identify {unknown}
 j - a scroll of magic mapping
 v - a scroll of immolation {unknown}
 y - a scroll of blinking {unknown}
 A - a scroll of random uselessness {unknown}
Potions
 h - a potion of heal wounds {unknown}
 k - 2 potions of lignification {unknown}
 m - a potion of agility
 o - a potion of degeneration {unknown}
 q - a potion of curing {unknown}
 s - a potion of brilliance {unknown}
 u - 3 potions of ambrosia {unknown}
 z - a potion of mutation {unknown}
 G - a potion of beneficial mutation {unknown}
Comestibles
 e - 3 bread rations
 f - 4 meat rations
 r - a beef jerky
 D - a royal jelly


   Skills:
 - Level 1.0 Fighting
 - Level 1.0 Short Blades
 + Level 2.3 Dodging
 + Level 8.7 Stealth
 + Level 1.1 Shields
 + Level 7.2 Evocations


You had 6 spell levels left.
You didn't know any spells.

Dungeon Overview and Level Annotations

Branches:
Dungeon (5/15)             Temple (1/1) D:4

Altars:
Cheibriados
Dithmenos
Nemelex Xobeh
Okawaru
Qazlal
Ru
Trog
Vehumet
Xom
Yredelemnul
The Shining One

Annotations:
D:5 M4edhros's ghost, novice OpAr


Innate Abilities, Weirdness & Mutations

You cannot wear most types of armour.
You are amphibious.
You can wear up to eight rings at the same time.
You can use your tentacles to constrict eight enemies at once.
Your skin changes colour to match your surroundings (Stealth).
Your rubbery body absorbs attacks (AC +1).
You are partially covered in rough black scales (AC +4, Dex -1).
Your body sometimes deteriorates upon taking damage.
Your system is resistant to poisons.
You are weak. (Str -2)


Message History

Drink which item? (? for menu, Esc to quit)
You feel agile all of a sudden.
M4edhros's ghost hits you but does no damage.
Evoke which item? (* to show all) (? for menu, Esc to quit)
Zapping:
b - a wand of flame (6)
Press: ? - help, Shift-Dir - straight line, f/p - M4edhros's ghost
Aim: M4edhros's ghost, wielding a weapon of electrocution (severely damaged)
The puff of flame hits M4edhros's ghost.
M4edhros's ghost is severely damaged.
This wand has 5 charges left.
M4edhros's ghost hits you.
* * * LOW HITPOINT WARNING * * *
Evoke which item? (* to show all) (? for menu, Esc to quit)
Zapping:
b - a wand of flame (5)
Press: ? - help, Shift-Dir - straight line, f/p - M4edhros's ghost
Aim: M4edhros's ghost, wielding a weapon of electrocution (severely damaged)
The puff of flame hits M4edhros's ghost.
M4edhros's ghost is almost destroyed.
This wand has 4 charges left.
M4edhros's ghost hits you.
You die...
Xom howls with laughter!

#§#############'##)...###+##....#
.§§#..'..'.....§.+....#....#....#
#§#§#§#..#.....§.#....#....#....#
§§§§§§#..#....§..#....#....#....#
#§#§#.#..#.......#...)[....+....#
§§.#§#############....######....#
#.##.###.##########+#...........#
................W...#...........#
................@...'.....(.##'##
....................#.......# .#
...........##'############'## ..
####..###..##..# ..'. ... ...####
#..##.... ...##. ## ...#
........... ...# ...#
....##...##..# ...# .....##...#
+# ...# ............


You could see M4edhros's ghost.

Vanquished Creatures
  Edmund (D:4)
  Purgy (Sewer)
  A sky beast (D:5)
  2 hounds (D:4)
  3 orc wizards (D:5)
  3 orc priests (D:5)
  2 iguanas (D:4)
  2 worker ants (D:5)
  A hound skeleton (D:4)
  3 gnolls (D:2)
  4 adders
  3 oozes
  2 worms
  9 orcs
  7 bats
  3 giant cockroaches
  11 goblins
  9 hobgoblins
  9 kobolds
  A quokka (D:3)
  A ball python (D:4)
  9 giant geckos
  5 giant newts
  5 rats
97 creatures vanquished.

Notes
Turn   | Place    | Note
--------------------------------------------------------------
     0 | D:1      | M4edhros the Octopode Artificer began the quest for the Orb.
     0 | D:1      | Reached XP level 1. HP: 13/13 MP: 3/3
   163 | D:1      | Reached XP level 2. HP: 18/18 MP: 4/4
   711 | D:2      | Reached XP level 3. HP: 23/23 MP: 5/5
   994 | D:2      | Reached skill level 4 in Evocations
  1400 | D:2      | You fall through a shaft for 2 floors!
  1467 | D:4      | Found a sparkling altar of Nemelex Xobeh.
  1522 | D:4      | Reached XP level 4. HP: 21/28 MP: 7/7
  1705 | D:4      | Reached skill level 5 in Stealth
  1705 | D:4      | Reached XP level 5. HP: 24/33 MP: 8/8
  1774 | D:4      | Found a staircase to the Ecumenical Temple.
  1790 | Temple   | Entered the Ecumenical Temple
  2043 | Temple   | Became a worshipper of Xom of Chaos
  2189 | D:3      | XOM: harmless Conj miscast
  2285 | D:3      | Reached skill level 5 in Evocations
  2406 | D:3      | Found a glowing drain.
  2418 | Sewer    | XOM: noise
  2418 | Sewer    | Entered a sewer
  2422 | Sewer    | Noticed Purgy
  2431 | Sewer    | Killed Purgy
  2431 | Sewer    | Reached skill level 6 in Stealth
  2431 | Sewer    | Reached XP level 6. HP: 6/38 MP: 8/10
  2438 | Sewer    | Got a fine steel ring
  2439 | Sewer    | Identified the ring of Bifis {*Drain +Fly rPois rF+} (You found it in a sewer)
  2835 | D:3      | XOM: cast spell 'Beastly Appendage'
  3589 | D:2      | Found an iron altar of Okawaru.
  3834 | D:2      | XOM: divination: detect creatures
  3885 | D:3      | XOM: harmless Chrm miscast
  3932 | D:4      | Noticed Edmund
  3942 | D:4      | XOM: enchant monster (good)
  3943 | D:4      | Killed Edmund
  3943 | D:4      | Reached skill level 7 in Stealth
  3943 | D:4      | Reached XP level 7. HP: 19/43 MP: 11/11
  4390 | D:4      | XOM: colour smoke trail
  4471 | D:5      | Entered Level 5 of the Dungeon
  4566 | D:5      | XOM: divination: magic mapping
  4572 | D:5      | Found a shadowy altar of Dithmenos.
  4602 | D:5      | Reached skill level 8 in Stealth
  4606 | D:5      | Gained mutation: You are resistant to hostile enchantments. [mutagenic meat]
  4607 | D:5      | Gained mutation: Your system is resistant to poisons. [mutagenic meat]
  4608 | D:5      | Gained mutation: You are partially covered in rough black scales (AC +4, Dex -1). [mutagenic meat]
  4609 | D:5      | Gained mutation: Your body sometimes deteriorates upon taking damage. [mutagenic meat]
  4680 | D:5      | XOM: give mutations
  4680 | D:5      | Lost mutation: You are resistant to hostile enchantments. [Xom's mischief]
  4680 | D:5      | Gained mutation: You are weak. (Str -2) [Xom's mischief]
  4764 | D:5      | XOM: colour smoke trail
  4788 | D:5      | XOM: silly message
  4944 | D:5      | Reached skill level 1 in Shields
  5085 | D:5      | Noticed M4edhros's ghost (novice OpAr)
  5102 | D:5      | Slain by M4edhros's ghost

Vault maps used:
D:1:      evilmike_arrival_crescent
D:2:      okawaru_altar_gauntlet_db
D:3:      portal_sewer_entry_f, lemuel_flame_loot_1
D:4:      nemelex_xobeh_ov_fountains_minmay, minmay_temple_entry_purple_smoke,
          first_bread, grunt_ministairs_6, uniq_edmund
D:5:      grunt_dithmenos_smoke_and_mirrors, serial_shops, kennysheep_mini
Temple:   hc_temple_tempest_star
Sewer:    kennysheep_door_sewer

Action                   |  1- 3 |  4- 6 |  7- 9 || total
-------------------------+-------+-------+-------++-------
Melee: Short sword       |    56 |   114 |       ||   170
       Flail             |       |       |    66 ||    66
Evoke: Wand              |       |     2 |    14 ||    16
  Use: Scroll            |       |     2 |       ||     2
       Potion            |       |       |     1 ||     1
 Stab: Sleeping          |     9 |    18 |     4 ||    31
       Distracted        |     1 |     1 |     2 ||     4
  Eat: Chunk             |     1 |     8 |     8 ||    17
